 Dungeon Crawl Stone Soup version 0.21.1-1-g345015f (webtiles) character file.

18585 Monsterracer the Destroyer (level 12, -12/100 HPs)
             Began as a Green Draconian Wizard on Feb 8, 2018.
             Was an Elder of Sif Muna.
             Mangled by a spiny frog (19 damage)
             ... on level 3 of the Lair of Beasts.
             The game lasted 00:36:54 (19980 turns).

Monsterracer the Destroyer (DrWz)                  Turns: 19980, Time: 00:36:55

Health: -12/100    AC: 22    Str: 13    XL:     12   Next: 29%
Magic:  19/32      EV: 14    Int: 24    God:    Sif Muna [****..]
Gold:   798        SH:  5    Dex:  9    Spells: 8/26 levels left

rFire    + + .     SeeInvis .   a - +8 spear "Teka" {flame, rF++ MP+9}
rCold    . . .     Gourm    +   h - +1 buckler
rNeg     . . .     Faith    .   (armour unavailable)
rPois    +         Spirit   .   l - +2 hat
rElec    .         Reflect  .   k - +2 cloak
rCorr    .         Harm     .   x - +2 pair of gloves {Str+3}
MR       +....                  (no boots)
Stlth    +++.......             G - amulet of the gourmand
HPRegen  0.26/turn              o - ring of protection from magic {!d}
MPRegen  0.23/turn              H - +6 ring of protection {=R}

@: lethally poisoned (-12 -> -12), short of breath, divine energy
A: breathe noxious fumes, unfitting armour, poison resistance, cold-blooded, AC
+8
a: Breathe Noxious Fumes, Stop Divine Energy, Channel Magic, Forget Spell,
Renounce Religion


You were on level 3 of the Lair of Beasts.
You worshipped Sif Muna.
Sif Muna was greatly pleased with you.
You were not hungry.

You visited 2 branches of the dungeon, and saw 14 of its levels.
You also visited: Sewer.

You collected 962 gold pieces.
You spent 164 gold pieces at shops.

Inventory:

Hand Weapons
 a - the +8 spear "Teka" (weapon) {flame, rF++ MP+9}
   (You took it off a crimson imp on level 5 of the Dungeon)

   It has been specially enchanted to burn those struck by it, causing extra
   injury to most foes and up to half again as much damage against particularly
   susceptible opponents.
   It greatly protects you from fire.
   It affects your magic capacity (+9).
 J - a +0 trident
Armour
 h - a +1 buckler (worn)
 k - a +2 cloak (worn)
 l - a +2 hat (worn)
 x - a +2 pair of gloves of strength (worn)
Jewellery
 o - a ring of protection from magic (left hand) {!d}
 B - an uncursed ring of ice
 G - an amulet of the gourmand (around neck)
 H - a +6 ring of protection (right hand) {=R}
Wands
 y - a wand of acid (5)
 C - a wand of digging (35)
 E - a wand of polymorph (18)
 I - a wand of disintegration (15)
 K - a wand of iceblast (5)
Scrolls
 d - 4 scrolls of blinking
 g - 8 scrolls of teleportation
 i - 3 scrolls of fog
 r - a scroll of enchant armour
 t - 2 scrolls of amnesia
 u - 2 scrolls of enchant weapon
 A - 8 scrolls of remove curse
 D - 4 scrolls of magic mapping {!r}
Potions
 e - 5 potions of heal wounds
 f - 3 potions of magic
 j - 3 potions of haste
 m - 3 potions of might
 n - 2 potions of flight
 p - 9 potions of curing
 q - 3 potions of resistance
 s - a potion of mutation {!q}
 v - 2 potions of agility
 w - a potion of lignification
 z - a potion of brilliance
 F - a potion of invisibility
Comestibles
 c - 44 rations


   Skills:
 + Level 7.4 Fighting
 * Level 8.0 Polearms
 + Level 5.3 Dodging
 + Level 4.9 Stealth
 - Level 4.0 Shields
 + Level 7.7 Spellcasting
 - Level 10.0 Conjurations
   Level 1.0 Summonings
 + Level 4.9 Necromancy
 - Level 3.0 Translocations
 + Level 7.4 Invocations


You had 8 spell levels left.
You knew the following spells:

 Your Spells              Type           Power        Failure   Level  Hunger
a - Magic Dart            Conj           ####         1%          1    None
b - Conjure Flame         Conj/Fire      ####....     2%          3    None
c - Mephitic Cloud        Conj/Pois/Air  ####....     4%          3    None
d - Borgnjor's Vile Clut  Necr/Erth      ###.......   56%         5    #####..
e - Blink                 Tloc           N/A          3%          2    None
j - Regeneration          Chrm/Necr      ###.......   8%          3    None
z - Apportation           Tloc           ###...       1%          1    None


Dungeon Overview and Level Annotations

Branches:
Dungeon (10/15)            Temple (0/1) D:7            Lair (4/6) D:10
  Swamp (0/4) Lair:3        Snake (0/4) Lair:3          Orc (0/2) D:9

Altars:
Dithmenos
Fedhas
Hepliaklqana
Makhleb
Okawaru
Qazlal
Sif Muna
Trog
Uskayaw
Vehumet
Xom
Zin

Shops:
D:5 ?   D:7 ?


Innate Abilities, Weirdness & Mutations

You can breathe blasts of noxious fumes.
Your lurid green scales are hard. (AC +8)
You cannot fit into any form of body armour.
Your system is resistant to poisons. (rPois)
You are cold-blooded and may be slowed by cold attacks.


Message History

Attack whom?
Press: ? - help, Dir - move target cursor, f - spiny frog
Aim: a spiny frog You hit the spiny frog.
You burn the spiny frog.
You tail-slap the spiny frog, but do no damage.
The spiny frog is lightly wounded.
The spiny frog closely misses you.
You hit the spiny frog but do no damage.
The spiny frog is lightly wounded.
You feel sick.
The spiny frog stings you but does no damage.
You take 1 damage, and have 54/100 hp.
You closely miss the spiny frog.
The spiny frog is lightly wounded.
You hit the spiny frog. You burn the spiny frog.
The spiny frog is moderately wounded.
The spiny frog misses you.
You hit the spiny frog. You burn the spiny frog.
Your tail-slap misses the spiny frog.
The spiny frog is heavily wounded.
You feel sick. The spiny frog stings you!
* * * LOW HITPOINT WARNING * * *
You take 16 damage, and have 39/100 hp.
You closely miss the spiny frog.
You tail-slap the spiny frog, but do no damage.
The spiny frog is heavily wounded.
The spiny frog stings you but does no damage.
You closely miss the spiny frog.
You tail-slap the spiny frog, but do no damage.
The spiny frog is heavily wounded.
The spiny frog barely misses you.
You hit the spiny frog but do no damage.
Your tail-slap misses the spiny frog.
The spiny frog is heavily wounded.
You block the spiny frog's attack.
You hit the elephant. You burn the elephant.
You kill the elephant!
Sif Muna accepts your kill.
Training target 3.0 for Translocations reached!
Your Translocations skill increases to level 3!
You feel sick.
The elephant seems less confused.
The spiny frog stings you.
* * * LOW HITPOINT WARNING * * *
You take 5 damage, and have 34/100 hp.
You hit the spiny frog. You burn the spiny frog.
The spiny frog is heavily wounded.
You hit the spiny frog. You burn the spiny frog.
The spiny frog is severely wounded.
The spiny frog stings you!
* * * LOW HITPOINT WARNING * * *
You take 10 damage, and have 24/100 hp.
Casting: Mephitic Cloud
Confirm with . or Enter, or press ? or * to list all spells.
You blink.
You now have 20/32 mp.
You feel sick.
You feel sick.
The elephant seems less confused.
Casting: Blink
Confirm with . or Enter, or press ? or * to list all spells.
Aiming: Conjure Flame
Press: ? - help, Dir - move target cursor, f/p - spiny frog
Aim: a spiny frog (severely wounded)
Okay, then.
Press: ? - help, Shift-Dir - straight line, f/p - spiny frog
Aim: a spiny frog (severely wounded)
You exhale a blast of noxious fumes.
The blast of choking fumes misses the spiny frog.
The blast of choking fumes hits the elephant.
The elephant is lightly wounded.
You feel somewhat more hungry.
The elephant is engulfed in noxious fumes.
Casting: Conjure Flame
Confirm with . or Enter, or press ? or * to list all spells.
Aiming: Magic Dart
Press: ? - help, Shift-Dir - straight line, f/p - spiny frog
Aim: a spiny frog (noxious fumes, severely wounded)
The magic dart hits the spiny frog.
The spiny frog is severely wounded.
You feel sick.
The elephant is engulfed in noxious fumes. x2
The elephant appears confused.
You now have 21/32 mp.
You hit the spiny frog. You burn the spiny frog.
You tail-slap the spiny frog, but do no damage.
The spiny frog is severely wounded.
The elephant is engulfed in noxious fumes.
The spiny frog stings you!
* * * LOW HITPOINT WARNING * * *
You take 17 damage, and have 7/100 hp.
Press: ? - help, v - describe, . - travel The floor, spattered with blood.
Placed new exclusion.
Reduced exclusion size to a single square.
Removed exclusion.
Casting: Magic Dart
Confirm with . or Enter, or press ? or * to list all spells.
You blink.
The elephant is engulfed in noxious fumes.
The elephant appears confused.
The spiny frog stings you!!
You die...

#...........## ##..######P###
#............# #..........##. #
##...........####...........# #
##>......§....##.#........... #
#.†.......§.Y##..#........... #
##.........§..#..#........... #
#.........Y§.#..#....>...... #
###.........F#.P##.......... ##
##........@.§.###..........
.######.♣...........###..........
.....#........♣.♣....###........#
.P..♣♣..........♣♣♣...........##.
#.........................#.....#
#..♣♣.............♣♣...........##
#..♣...............♣.####........
......................###....###.
..♣.................♣..##.#### ##


You could see 2 elephants and a spiny frog.

Vanquished Creatures
  A hydra (Lair:3)
  An ugly thing (D:10)
  An elephant (Lair:3)
  2 black mambas (Lair:3)
  5 spiny frogs
  A rime drake (Lair:3)
  The ghost of Lovchig the Chopper, an amateur DDFi (D:4)
  Grinder (D:3)
  6 blink frogs
  A polar bear (Lair:3)
  5 hippogriffs
  A human (D:7)
  A vampire (D:10)
  2 hogs (D:7)
  10 yaks
  3 nagas (Lair:3)
  7 water moccasins
  7 orc warriors
  11 porcupines
  2 sky beasts
  A black bear (D:7)
  2 ice beasts
  A phantom (D:7)
  3 ogres
  33 wolves
  6 centaurs
  2 crocodiles
  2 big kobolds
  15 bullfrogs
  A wyvern zombie (D:7)
  3 scorpions
  3 killer bees (D:7)
  7 wights
  5 electric eels (Lair:3)
  6 crimson imps
  A hound (D:10)
  15 orc wizards
  2 bullfrog skeletons
  4 orc priests
  2 jellies
  2 centaur skeletons
  4 iguanas
  8 worker ants
  A killer bee zombie (D:10)
  2 hound skeletons
  2 worker ant zombies (D:10)
  22 adders
  5 river rats (Sewer)
  2 gnoll zombies (D:5)
  An orc zombie (D:5)
  A shadow imp (D:8)
  2 oozes
  An adder zombie (D:8)
  3 worms
  4 dart slugs
  5 leopard geckos
  35 orcs
  7 bats
  10 giant cockroaches
  6 hobgoblins
  14 jackals
  15 kobolds
  6 quokkas
  11 ball pythons
  5 frilled lizards
  2 goblins
  3 jackal skeletons
  A quokka zombie (D:4)
  32 rats
  A fungus (Lair:3)
396 creatures vanquished.

Vanquished Creatures (others)
  An adder (D:6)
  An orc (D:5)
  A fungus (Lair:3)
3 creatures vanquished.

Grand Total: 399 creatures vanquished

Notes
Turn   | Place    | Note
-------+----------+-------------------------------------------
     0 | D:1      | Monsterracer the Draconian Wizard began the quest for the Orb.
     0 | D:1      | Reached XP level 1. HP: 14/14 MP: 4/4
   230 | D:1      | Reached skill level 2 in Conjurations
   317 | D:1      | Reached XP level 2. HP: 20/20 MP: 3/6
   444 | D:1      | Learned a level 2 spell: Blink
   873 | D:2      | Found a shadowy altar of Dithmenos.
   873 | D:2      | Found a shimmering altar of Xom.
   914 | D:2      | Reached skill level 3 in Conjurations
   914 | D:2      | Reached XP level 3. HP: 26/26 MP: 2/7
   920 | D:2      | Learned a level 3 spell: Conjure Flame
  1020 | D:2      | HP: 13/26 [worm (1)]
  1021 | D:2      | HP: 6/26 [worm (7)]
  2061 | D:2      | Reached XP level 4. HP: 33/33 MP: 4/8
  2209 | D:3      | Reached skill level 4 in Conjurations
  2302 | D:3      | Noticed Grinder
  2329 | D:3      | HP: 14/33 [Grinder (5)]
  2333 | D:3      | Killed Grinder
  2333 | D:3      | Reached skill level 5 in Conjurations
  2333 | D:3      | Reached XP level 5. HP: 10/38 MP: 0/10
  2333 | D:3      | Reached XP level 6. HP: 12/45 MP: 0/11
  2338 | D:3      | Learned a level 3 spell: Mephitic Cloud
  2671 | D:3      | Found a glowing drain.
  2713 | Sewer    | Entered a sewer
  3213 | Sewer    | Reached skill level 6 in Conjurations
  3492 | Sewer    | HP: 22/45 [ball python (1)]
  3497 | Sewer    | HP: 25/67 [poisoned by an adder]
  3505 | Sewer    | HP: 23/67 [bullfrog (2)]
  3543 | Sewer    | Your scales start taking on a lurid green colour.
  3543 | Sewer    | Reached XP level 7. HP: 30/50 MP: 2/13
  3543 | Sewer    | Gained mutation: Your system is resistant to poisons. (rPois) [Green Draconian growth]
  4788 | D:4      | Found a deep blue altar of Sif Muna.
  4796 | D:4      | Became a worshipper of Sif Muna the Loreminder
  5301 | D:4      | Noticed Lovchig's ghost (amateur DDFi)
  5305 | D:4      | Reached skill level 1 in Fighting
  5305 | D:4      | Reached skill level 1 in Shields
  5305 | D:4      | Reached skill level 7 in Conjurations
  5305 | D:4      | Reached skill level 1 in Invocations
  5311 | D:4      | Killed Lovchig's ghost
  5609 | D:4      | Reached XP level 8. HP: 61/61 MP: 7/15
  6021 | D:5      | Entered Level 5 of the Dungeon
  6021 | D:5      | Found a transporter.
  6248 | D:5      | HP: 26/61 [something/magic dart (9)]
  6255 | D:5      | HP: 14/61 [something (5)]
  6491 | D:5      | Reached skill level 5 in Spellcasting
  6528 | D:5      | Reached * piety under Sif Muna
  6713 | D:5      | Found a transporter.
  6722 | D:5      | HP: 24/62 [gnoll sergeant zombie/spear of venom (8)]
  6727 | D:5      | HP: 25/62 [gnoll sergeant zombie/spear of venom (5)]
  6733 | D:5      | HP: 19/62 [poisoned by a gnoll sergeant zombie]
  6738 | D:5      | HP: 12/62 [gnoll sergeant zombie/spear of venom (3)]
  6743 | D:5      | HP: 10/62 [orc warrior zombie/mace of venom (1)]
  7133 | D:5      | Found a burning altar of Makhleb.
  7162 | D:5      | Found Xekhlam's Magic Scroll Shoppe.
  7165 | D:5      | Bought a scroll of enchant armour for 82 gold pieces
  7195 | D:5      | Bought a scroll of enchant armour for 82 gold pieces
  7354 | D:5      | Reached skill level 8 in Conjurations
  8018 | D:5      | Found an iron altar of Okawaru.
  8038 | D:5      | Got a crude spear {flame}
  8039 | D:5      | Identified the +8 spear "Teka" {flame, rF++ MP+9} (You took it off a crimson imp on level 5 of the Dungeon)
  8164 | D:5      | Reached skill level 1 in Polearms
  8825 | D:6      | Reached XP level 9. HP: 70/70 MP: 17/17
  8831 | D:6      | HP: 28/70 [orc/wand of acid (7) (17)]
  9173 | D:6      | Found a shimmering altar of Xom.
  9284 | D:6      | Found a radiant altar of Vehumet.
  9444 | D:6      | Found a bloodstained altar of Trog.
  9636 | D:6      | Found an iron altar of Okawaru.
  9655 | D:6      | Found a hazy altar of Hepliaklqana.
  9761 | D:6      | Found a hide-covered altar of Uskayaw.
 10341 | D:7      | Learned a level 3 spell: Regeneration
 10353 | D:7      | Learned a level 5 spell: Borgnjor's Vile Clutch
 10373 | D:7      | Found a staircase to the Ecumenical Temple.
 10408 | D:7      | HP: 32/71 [wyvern zombie (11)]
 10419 | D:7      | HP: 33/71 [phantom (1)]
 10427 | D:7      | HP: 24/71 [phantom (8)]
 10433 | D:7      | Reached skill level 9 in Conjurations
 10664 | D:7      | Found Amelep's Magic Scroll Shop.
 10837 | D:7      | Reached ** piety under Sif Muna
 10841 | D:7      | Reached XP level 10. HP: 75/80 MP: 19/19
 10898 | D:7      | Found a glowing silver altar of Zin.
 11031 | D:7      | Found a stormy altar of Qazlal.
 11033 | D:7      | Found a blossoming altar of Fedhas.
 11590 | D:8      | Reached skill level 5 in Fighting
 11691 | D:8      | Reached skill level 5 in Invocations
 13138 | D:9      | HP: 36/81 [orc warrior/trident (23)]
 13156 | D:9      | HP: 37/81 [orc/dagger (3)]
 13176 | D:9      | Reached skill level 1 in Necromancy
 13392 | D:9      | Reached skill level 10 in Conjurations
 13463 | D:9      | Found a staircase to the Orcish Mines.
 13512 | D:10     | Entered Level 10 of the Dungeon
 13828 | D:10     | Reached *** piety under Sif Muna
 13986 | D:10     | Reached skill level 5 in Polearms
 14049 | D:10     | Found a staircase to the Lair.
 14171 | D:10     | Noticed a white ugly thing
 14179 | D:10     | Killed a white ugly thing
 14556 | Lair:1   | Entered Level 1 of the Lair of Beasts
 14676 | Lair:1   | Reached XP level 11. HP: 82/89 MP: 21/21
 15978 | Lair:2   | HP: 42/91 [spiny frog (5)]
 15983 | Lair:2   | HP: 19/91 [poisoned by a spiny frog]
 15988 | Lair:2   | HP: 15/91 [poisoned by a spiny frog]
 15993 | Lair:2   | HP: 12/91 [poisoned by a spiny frog]
 15999 | Lair:2   | HP: 9/91 [poisoned by a spiny frog]
 16004 | Lair:2   | HP: 9/91 [poisoned by a spiny frog]
 16011 | Lair:2   | HP: 8/91 [poisoned by a spiny frog]
 16019 | Lair:2   | HP: 8/91 [poisoned by a spiny frog]
 16399 | Lair:2   | Learned a level 1 spell: Apportation
 17154 | Lair:2   | Got a slimy mace
 17214 | Lair:2   | Reached **** piety under Sif Muna
 17592 | Lair:3   | HP: 44/92 [wolf (12)]
 17626 | Lair:3   | HP: 43/92 [wolf (4)]
 17639 | Lair:3   | Reached skill level 5 in Dodging
 17669 | Lair:3   | HP: 35/92 [wolf (4)]
 17678 | Lair:3   | Reached XP level 12. HP: 40/100 MP: 4/23
 18141 | Lair:3   | Found a staircase to the Swamp.
 18144 | Lair:3   | HP: 44/100 [rime drake/flash freeze (18)]
 18389 | Lair:3   | HP: 44/100 [electric eel/bolt of electricity (12)]
 18392 | Lair:3   | HP: 19/100 [electric eel/bolt of electricity (6)]
 18785 | Lair:3   | Found a staircase to the Snake Pit.
 19114 | Lair:3   | Noticed a seven-headed hydra
 19123 | Lair:3   | Killed a seven-headed hydra
 19962 | Lair:3   | HP: 39/100 [spiny frog (15)]
 19968 | Lair:3   | HP: 24/100 [spiny frog (10)]
 19974 | Lair:3   | HP: 24/100 [poisoned by a water moccasin]
 19979 | Lair:3   | HP: 7/100 [spiny frog (17)]
 19980 | Lair:3   | Mangled by a spiny frog

Skill      XL: |  1  2  3  4  5  6  7  8  9 10 11 12 |
---------------+-------------------------------------+-----
Conjurations   | 2 3 5 6 7 8 9 10 | 10.0
Spellcasting   | 4 5 6 7 |  7.7
Fighting       | 2 3 4 6 7 |  7.4
Shields        | 1 3 4 |  4.0
Invocations    | 1 3 4 6 7 |  7.4
Polearms       | 1 3 5 7 8 |  8.0
Stealth        | 3 4 |  4.9
Dodging        | 2 3 5 |  5.3
Necromancy     | 2 4 |  4.9
Translocations | 2 3 |  3.0
Summonings     | |  1.0

Action                   |  1- 3 |  4- 6 |  7- 9 | 10-12 || total
-------------------------+-------+-------+-------+-------++-------
Melee: Unarmed           |     9 |     5 |       |       ||    14
       Tailslap          |     1 |     3 |    12 |    48 ||    64
       Hand axe          |     3 |     5 |       |       ||     8
       Quarterstaff      |    33 |    67 |    11 |       ||   111
       Spear             |       |       |   217 |   644 ||   861
       Trident           |       |       |    23 |       ||    23
 Cast: Magic Dart        |    84 |   113 |   272 |   225 ||   694
       Blink             |       |     2 |     4 |     5 ||    11
       Mephitic Cloud    |       |     1 |     3 |    20 ||    24
       Conjure Flame     |       |       |     9 |    16 ||    25
Invok: Divine Energy     |       |       |       |     1 ||     1
 Abil: Breathe Noxious F |       |       |    16 |    19 ||    35
  Use: Scroll            |       |    10 |    14 |     6 ||    30
       Potion            |       |     1 |     2 |       ||     3
 Stab: Sleeping          |       |       |     4 |    12 ||    16
       Confused          |       |       |     4 |    14 ||    18
       Distracted        |       |       |       |     1 ||     1
  Eat: Chunk             |     2 |     6 |    16 |    33 ||    57
       Ration            |       |       |     3 |       ||     3
Armor: Skin              |    27 |    84 |   119 |   224 ||   454
Dodge: Dodged            |    53 |    98 |   141 |   331 ||   623
Block: Buckler           |       |       |    40 |   131 ||   171

Vault maps used:
D:1:      minmay_arrival_wavy_path
D:2:      gammafunk_temple_overflow_elements, first_ration
D:3:      portal_sewer_entry_f, dk_vineyard_3, uniq_grinder
D:4:      led_sif_book
D:5:      gammafunk_cloud_chamber, nicolae_overflow_crystal_walls, serial_shops,
          nicolae_shop_behind_doors, okawaru_ov_weapons_minmay
D:6:      lemuel_doored_altar, nicolae_overflow_quartered_altars,
          xom_teletrap_fun
D:7:      grunt_temple_overflow_forces_of_nature, zin_statuary,
          minmay_temple_entry_trees, serial_shops, nicolae_shop_trees,
          grunt_livestock, minivault_19
D:9:      david_orc_4, columned_hall_lemuel
D:10:     lair_entry_dummy
Lair:2:   beast_lair_carwin_7, serial_bayou_shore_a, grunt_megastairs_4,
          lemuel_fruit_tree
Lair:3:   minmay_swamp_entry_eels, minmay_snake_entry_guardpost_small,
          grunt_forest_large_clearings
Sewer:    sewer_minmay_w
